 Dungeon Crawl Stone Soup version 0.26-a0-317-ge2f3d4a7ca (webtiles) character file.

Game seed: 8396181008342603123

1000 GameOver the Conjurer (level 8, 62/62 HPs)
             Began as a Naga Hedge Wizard on June 10, 2020.
             Was an Initiate of Kikubaaqudgha.
             Got out of the dungeon alive.
             The game lasted 00:26:19 (4905 turns).

GameOver the Conjurer (Naga Hedge Wizard)           Turns: 4905, Time: 00:26:19

Health: 62/62      AC:  3    Str: 11    XL:     8   Next: 19%
Magic:  14/14      EV: 14    Int: 20    God:    Kikubaaqudgha [......]
Gold:   187        SH:  0    Dex:  9    Spells: 9/15 levels left

rFire    . . .     SeeInvis +   o - +1 mace (protect)
rCold    . . .     Faith    .   (no shield)
rNeg     . . .     Spirit   .   a - +0 robe
rPois    +         Reflect  .   b - +0 hat
rElec    .         Harm     .   (no cloak)
rCorr    +                      (no gloves)
MR       +....                  (no barding)
Stlth    +++.......             (no amulet)
HPRegen  0.20/turn              s - +4 ring of evasion
MPRegen  0.14/turn              k - ring of resist corrosion

@: very slow
A: large, see invisible, deformed body, poison resistance, slowness 2, spit
poison 1, AC +2
a: Spit Poison, Renounce Religion


You escaped.
You worshipped Kikubaaqudgha.
Kikubaaqudgha was noncommittal.
You visited 2 branches of the dungeon, and saw 6 of its levels.

You collected 187 gold pieces.

Inventory:

Hand Weapons
 m - a +0 short sword of electrocution
 o - a +1 mace of protection (weapon)
 y - a +3 hunting sling
 D - the +4 long sword of the Vestibule of Hell {flame, rN+ MR+}
   (You found it on level 4 of the Dungeon)

   It has been specially enchanted to burn those struck by it, causing extra
   injury to most foes and up to half again as much damage against particularly
   susceptible opponents.
   Big, fiery blades are also staple armaments of hydra-hunters.
   It protects you from negative energy.
   It affects your resistance to hostile enchantments.
Missiles
 v - 41 bolts
 w - 67 arrows
Armour
 a - a +0 robe (worn)
 b - a +0 hat (worn)
 e - a +0 leather armour
 g - a +2 buckler
 p - a +0 kite shield of positive energy
 F - a +0 barding
Jewellery
 j - an uncursed ring of positive energy
 k - a ring of resist corrosion (right hand)
 s - a +4 ring of evasion (left hand)
Wands
 t - a wand of flame (15)
 C - a wand of polymorph (8)
Scrolls
 c - a scroll of fear {unknown}
 h - a scroll of noise {unknown}
 i - 4 scrolls of remove curse
 n - 6 scrolls of teleportation
 q - a scroll of magic mapping {unknown}
 u - 3 scrolls of immolation {unknown}
Potions
 f - 3 potions of curing
 l - a potion of resistance
 r - a potion of haste
 x - a potion of degeneration {unknown}
 z - a potion of flight {unknown}
 A - a potion of magic {unknown}
 B - 2 potions of cancellation {unknown}
Comestibles
 d - 7 removed foods
 E - a removed food


   Skills:
 - Level 1.5 Dodging
 + Level 5.4 Stealth
 + Level 4.0 Spellcasting
 - Level 6.0 Conjurations
   Level 1.0 Summonings
 - Level 3.0 Translocations
 - Level 6.0 Poison Magic


You had 9 spell levels left.
You knew the following spells:

 Your Spells              Type           Power        Failure   Level
a - Magic Dart            Conj           ####         1%          1
b - Blink                 Tloc           N/A          5%          2
d - Mephitic Cloud        Conj/Pois/Air  ###.....     8%          3

Your spell library contained the following spells:

 Spells                   Type           Power        Failure   Level
 Conjure Flame            Conj/Fire      ###.....     11%         3
 Call Imp                 Summ           #.......     13%         2
 Slow                     Hex            #.......     19%         2


Dungeon Overview and Level Annotations

Branches:
Dungeon (5/15)             Temple (1/1) D:5

Altars:
Gozag
Kikubaaqudgha
Makhleb
Okawaru
Qazlal
Ru
Xom
Yredelemnul
Zin
Lugonu


Innate Abilities, Weirdness & Mutations

You cannot wear boots.
Your serpentine skin is tough. (AC +2)
You have supernaturally acute eyesight. (SInv)
Armour fits poorly on your strangely shaped body.
Your system is resistant to poisons. (rPois)
You cover ground very slowly.
You can spit poison.


Message History

There is an open door here.
There is a stone staircase leading up here.
You climb upwards.
There is a stone staircase leading down here.
There is a stone staircase leading up here.
You climb upwards.
There is a stone staircase leading down here.
There is a stone staircase leading up here.
You climb upwards.
There is a stone staircase leading down here.
There is a stone staircase leading up here.
You climb upwards.
There is a stone staircase leading down here.
There is a staircase leading out of the dungeon here.
Are you sure you want to leave the Dungeon?
This will make you lose the game!
Alright, then stay!
Unknown command.
There is a staircase leading out of the dungeon here.
Are you sure you want to leave the Dungeon?
This will make you lose the game!
You have escaped!

....#.## #.....#######.###.#.
....#..#######.....#######.# #.#.
....##..........#.....(....# #.##
....##..#.#....#.#....#.#..# #.#
....##.....#..##.##..#.....# #.#
)...##.....#..#...#..#.....# #.#
....##(.#..#..#...#..#..#..# #.#
######...###.........###...# #.#
.#####........#.@.#........# #.#
..............#...#.......## #.#
........#.#....###......### #.#
........#.#.....#.......# #.#
........#.#.............# #.#
........#...##.....##...# #.##
........#..###.....###..# ##.#.
........#..##.#...#.##..#####....
..#######...###...###...##.....##


There were no monsters in sight!

Vanquished Creatures
  Eustachio (D:4)
  Edmund (D:5)
  2 sky beasts
  A centaur (D:5)
  A scorpion (D:5)
  A crimson imp (D:5)
  2 hounds (D:4)
  3 orc wizards
  2 orc priests
  A worker ant (D:4)
  A killer bee zombie (D:5)
  A worker ant zombie (D:5)
  2 adders (D:2)
  An ooze (D:3)
  3 worms
  2 dart slugs
  3 leopard geckos
  17 orcs
  A ball python (D:1)
  3 giant cockroaches
  10 goblins
  6 hobgoblins
  8 jackals
  7 kobolds
  2 quokkas
  10 bats
  5 frilled lizards
  6 rats
103 creatures vanquished.

Vanquished Creatures (others)
  An orc wizard (D:4)
1 creature vanquished.

Grand Total: 104 creatures vanquished

Notes
Turn   | Place    | Note
-------+----------+-------------------------------------------
     0 | D:1      | GameOver the Naga Wizard began the quest for the Orb.
     0 | D:1      | Reached XP level 1. HP: 15/15 MP: 4/4
   169 | D:1      | Reached XP level 2. HP: 22/22 MP: 6/6
   651 | D:1      | Reached XP level 3. HP: 28/28 MP: 3/7
   655 | D:1      | Learned a level 2 spell: Blink
   659 | D:1      | Learned a level 3 spell: Mephitic Cloud
  1154 | D:2      | Reached XP level 4. HP: 36/36 MP: 1/8
  1957 | D:3      | Noticed a sky beast
  2001 | D:3      | Reached XP level 5. HP: 42/42 MP: 5/9
  2586 | D:3      | Reached skill level 1 in Poison Magic
  2933 | D:4      | Got a crystal long sword
  2934 | D:4      | Identified the +4 long sword of the Vestibule of Hell
                  | {flame, rN+ MR+} (You found it on level 4 of the Dungeon)
  3040 | D:4      | Noticed Eustachio
  3058 | D:4      | Killed Eustachio
  3058 | D:4      | Reached skill level 5 in Conjurations
  3058 | D:4      | Reached XP level 6. HP: 37/49 MP: 5/10
  3449 | D:4      | Found a sacrificial altar of Ru.
  3450 | D:4      | Found an opulent altar of Gozag.
  3596 | D:3      | Killed a sky beast
  3596 | D:3      | Reached skill level 5 in Poison Magic
  3596 | D:3      | Reached XP level 7. HP: 46/55 MP: 1/11
  3903 | D:5      | Entered Level 5 of the Dungeon
  4270 | D:5      | Reached XP level 8. HP: 17/62 MP: 10/13
  4631 | D:5      | Found a staircase to the Ecumenical Temple.
  4642 | Temple   | Entered the Ecumenical Temple
  4701 | Temple   | Became a worshipper of Kikubaaqudgha
  4725 | D:5      | Noticed Edmund
  4754 | D:5      | Killed Edmund
  4754 | D:5      | Reached skill level 5 in Stealth
  4801 | D:5      | Upgraded the game from 0.26-a0-64-g059e62fbdb to
                  | 0.26-a0-317-ge2f3d4a7ca
  4905 | D:$      | Got out of the dungeon alive.

Illustrated notes

Levels and vault maps discovered:
D:1:      erik_arrival_blinker_ship, layout_basic
D:2:      layout_basic, first_ration, minmay_misc_feat_pillars,
          minmay_pentomino_pile
D:3:      layout_basic
D:4:      layout_rooms, gammafunk_temple_overflow_pools, uniq_eustachio
D:5:      cheibrodos_iron_armory, layout_rooms, tso_altar,
          minmay_temple_entry_glassed_door, uniq_edmund
Temple:   kb_corrupted_temple

Skill      XL: |  1  2  3  4  5  6  7  8 |
---------------+-------------------------+-----
Conjurations   | 2 3 4 5 6 |  6.0
Poison Magic   | 3 5 6 |  6.0
Stealth        | 4 5 |  5.4
Translocations | 2 3 |  3.0
Spellcasting   | 4 |  4.0
Dodging        | |  1.5
Summonings     | |  1.0

Action                   |  1- 3 |  4- 6 |  7- 9 || total
-------------------------+-------+-------+-------++-------
Melee: Mace              |     4 |       |    39 ||    43
       Short sword       |     3 |    33 |    10 ||    46
 Cast: Magic Dart        |    36 |    67 |    33 ||   136
       Mephitic Cloud    |       |     5 |     7 ||    12
       Blink             |       |       |     1 ||     1
 Abil: Spit Poison       |    28 |    52 |    24 ||   104
  Use: Scroll            |       |     5 |       ||     5
       Potion            |       |       |     2 ||     2
 Stab: Confused          |       |     3 |     6 ||     9
       Sleeping          |       |       |     1 ||     1
  Eat: Removed food      |     1 |    10 |     6 ||    17
Armor: Robe              |    12 |    12 |    19 ||    43
       Skin              |       |       |    19 ||    19
Dodge: Dodged            |    18 |    25 |    39 ||    82

Table legend:
 A = Non-vault XP
 B = Vault XP
 C = Vault XP percentage of total XP
 D = Non-vault monster count
 E = Vault monster count
 F = Vault count percentage of total count
                 A         B        C        D         E       F
            +---------+---------+-------+---------+---------+-------
      Total |    1048 |     381 |  26.7 |      98 |       6 |   5.8
            +---------+---------+-------+---------+---------+-------
        D:1 |      42 |       0 |   0.0 |      23 |       0 |   0.0
        D:2 |      50 |      18 |  26.5 |      20 |       4 |  16.7
        D:3 |     267 |       0 |   0.0 |      25 |       0 |   0.0
        D:4 |     178 |     197 |  52.5 |      12 |       1 |   7.7
        D:5 |     511 |     166 |  24.5 |      18 |       1 |   5.3
            +---------+---------+-------+---------+---------+-------
